AoeStats
← Vialpando

Highland

504735714Analyzed
4v4 RM · 27d ago on Sep 6, 2026· 27m 41s· 8 players
Game mode
Random Map
Map size
Large (8 player)
Population
200
Speed
Normal
Resources
Standard
Victory
Conquest
Starting age
Dark Age
Ending age
Imperial Age
RankedLock teamsTeams togetherTeam positionsShared explorationLock speedFull tech treeHidden civsTurbo modeCheats
Victory
Defeat
🇹🇷 Magyars · Türkiye
1046
+11
🇹🇷 Mongols · Türkiye
1008
+12
🇹🇷 Gurjaras · Türkiye
937
+15
🇹🇷 Franks · Türkiye
916
+30
🇧🇷 Byzantines · Brazil
953
-44
🇨🇳 Franks · China
935
-14
🇨🇳 Britons · China
901
-13
🇨🇳 Italians · China
873
-12
FABINHOXBOX9771
2:35 Loom
1120693432
5:03 Loom
12:12 Feudal Age
16:54 Castle Age
16:07 Double-Bit Axe
太子
7:49 Loom
12:00 Feudal Age
22:26 Castle Age
908029158
10:47 Feudal Age
11:24 Double-Bit Axe
11:21 Horse Collar
15:00 Loom
15:50 Wheelbarrow
Scorpion
10:09 Feudal Age
10:45 Double-Bit Axe
12:10 Bloodlines
12:21 Town Watch
15:15 Scale Barding Armor
21:30 Castle Age
21:14 Horse Collar
22:25 Husbandry
22:55 Chain Barding Armor
Vialpando
6:47 Loom
11:09 Feudal Age
11:35 Man-at-Arms
14:07 Forging
16:10 Double-Bit Axe
16:27 Scale Mail Armor
19:11 Fletching
19:23 Padded Archer Armor
21:26 Wheelbarrow
20:37 Horse Collar
21:47 Gold Mining
26:35 Castle Age
27:26 Thumb Ring
26:42 Crossbowman
27:58 Hand Cart
28:20 Gold Shaft Mining
27:57 Bow Saw
27:50 Heavy Plow
Aérg
5:29 Loom
9:43 Feudal Age
11:19 Double-Bit Axe
12:24 Double-Bit Axe
15:07 Castle Age
13:26 Stone Mining
16:19 Double-Bit Axe
18:12 Fletching
19:59 Gold Mining
26:10 Wheelbarrow
26:01 Ballistics
Rewar
9:42 Loom
12:41 Feudal Age
13:07 Double-Bit Axe
14:07 Wheelbarrow
22:21 Castle Age
Connection lost

Rejoining the realm…

Still unreachable

The connection could not be restored.

Session expired

The server has moved on; the page needs a fresh start.